 Dungeon Crawl Stone Soup version 0.26.1-2-gb8aa6d0cf2 (webtiles) character file.

Game seed: 8396702785795281221

2354 Martska the Skirmisher (level 9, -12/96 HPs)
             Began as an Ogre Hunter on Mar 12, 2021.
             Was a Believer of Okawaru.
             Mangled by an orc warrior
             ... wielding a cursed +0 battleaxe
              (26 damage)
             ... on level 6 of the Dungeon.
             The game lasted 00:14:55 (9134 turns).

Martska the Skirmisher (Ogre Hunter)                Turns: 9134, Time: 00:14:55

Health: -12/96     AC:  4    Str: 19    XL:     9   Next: 44%
Magic:  0/9        EV: 16    Int: 12    God:    Okawaru [**....]
Gold:   297        SH:  0    Dex:  9    Spells: 8/8 levels left

rFire    . . .     SeeInvis .   D - +1 whip (elec)
rCold    . . .     Faith    .   (no shield)
rNeg     + + +     Spirit   +   b - +0 robe
rPois    +         Reflect  .   (helmet restricted)
rElec    .         Harm     .   x - +0 cloak {rCorr}
rCorr    +         Rampage  .   (gloves unavailable)
Will     +....                  (boots unavailable)
Stlth    ++........             I - amulet "Gioxir" {Spirit +Blink +Inv rN+++ Str-2}
HPRegen  0.26/turn              A - +4 ring of evasion
MPRegen  0.11/turn              F - ring "Usahekku" {+Inv +Fly rPois Will+}

@: lethally poisoned (-12 -> -12), about to teleport
A: large, unfitting armour, tough skin 1
a: Renounce Religion, Evoke Blink, Evoke Invisibility, Evoke Flight, Heroism


You were on level 6 of the Dungeon.
You worshipped Okawaru.
Okawaru was pleased with you.
You visited 2 branches of the dungeon, and saw 7 of its levels.

You collected 297 gold pieces.

Inventory:

Hand Weapons
 a - a +0 short sword
 h - a +0 club
 n - a +0 spear
 r - a +0 whip
 t - a -1 mace
 u - a +2 mace of distortion
 D - a +1 whip of electrocution (weapon)
Missiles
 c - 2 large rocks (quivered)
 d - a throwing net
Armour
 b - a +0 robe (worn)
 q - a +0 cloak
 x - a +0 cloak of preservation (worn)
Jewellery
 A - a +4 ring of evasion (left hand)
 F - the ring "Usahekku" (right hand) {+Inv +Fly rPois Will+}
   (You found it on level 4 of the Dungeon)

   [ring of flight]

   It protects you from poison.
   It affects your willpower, your defense against some magical effects.
   It lets you turn invisible.
   It lets you fly.
 I - the amulet "Gioxir" (around neck) {Spirit +Blink +Inv rN+++ Str-2}
   (You found it on level 5 of the Dungeon)

   [amulet of guardian spirit]

   It causes incoming damage to be split between your health and magic.
   It affects your strength (-2).
   It renders you almost immune to negative energy.
   It lets you turn invisible.
   It lets you blink.
Wands
 o - a wand of disintegration (12)
 s - a wand of flame (18)
 C - a wand of polymorph (4)
Scrolls
 e - a scroll of teleportation
 i - a scroll of random uselessness
 k - 4 scrolls of remove curse
 l - 3 scrolls of immolation
 m - a scroll of noise {unknown}
 v - 2 scrolls of fog {unknown}
 y - a scroll of fear {unknown}
 G - a scroll of enchant weapon {unknown}
Potions
 f - 5 potions of curing
 g - 3 potions of attraction
 j - a potion of resistance {unknown}
 p - a potion of magic {unknown}
 w - 3 potions of lignification
 z - a potion of brilliance {unknown}
 B - a potion of degeneration {unknown}
 E - a potion of invisibility {unknown}
 H - a potion of might {unknown}


   Skills:
 * Level 7.9 Fighting
 * Level 5.0 Maces & Flails
 * Level 6.9 Throwing
 * Level 5.5 Dodging
 - Level 2.1 Stealth
 + Level 2.9 Evocations


You had 8 spell levels left.
You didn't know any spells.
Your spell library was empty.

Dungeon Overview and Level Annotations

Branches:
Dungeon (6/15)             Temple (1/1) D:4

Altars:
Ashenzari
Cheibriados
Dithmenos
Elyvilon
Fedhas
Gozag
Kikubaaqudgha
Makhleb
Nemelex Xobeh
Okawaru
Qazlal
Ru
Sif Muna
Trog
Uskayaw
Vehumet
Wu Jian
Xom
Yredelemnul
Zin

Shops:
D:5 :=

Annotations:
D:4 3 runed translucent doors, kelmiir's ghost, amateur GnTm


Innate Abilities, Weirdness & Mutations

You are too large for most types of armour.
You have tough skin. (AC +1)


Message History

The orc warrior hits you with a cursed +0 battleaxe!
* * * LOW HITPOINT WARNING * * *
The orc wizard barely misses you. The orc warrior misses you.
The orc wizard misses you.
Throw: 3 large rocks
Press: ? - help, Q - select action, (/) - cycle Shift-Dir - straight line, f/p - orc wizard
Aim: an orc wizard, wielding a +0 dagger and wearing a +0 robe (fast, 55% to hit)
You throw a large rock. The large rock hits the orc wizard.
The orc wizard is lightly wounded.
You feel sick. The orc wizard casts a spell at you. The magic dart hits you.
* * * LOW HITPOINT WARNING * * *
The orc warrior closely misses you. The orc wizard barely misses you.
As you read the scroll of teleportation, it crumbles to dust.
You feel strangely unstable.
The orc wizard hits you with a +0 dagger.
* * * LOW HITPOINT WARNING * * *
The orc warrior hits you with a cursed +0 battleaxe!!
You die...

# #.# #.# ## #. #.# #.# # .. .#
#.# #.# .. #. .# #.# #.# ... #.#
.## #.# #.# #...#.. #.# #.# #.#
...(. #.#####[###.# #.#.o##
##.....<.[.[.#
##...)@###........[[#.#
......o....#######.#....
###.#.###### #.###.# .#.# ###
#.#.# #.# #.# .#.# ##.## #.#.#
#.###.# ...###...###.#.#
###.#.... ...##.....##.#.#
#........
.............[.##########........
...............##...(.........#.#


You could see an orc warrior and an orc wizard (fast).

Vanquished Creatures
  Pikel (D:4)
  3 yaks (D:4)
  A phantom (D:5)
  An ice beast (D:6)
  2 sky beasts (D:5)
  A centaur (D:5)
  4 lemures (D:3)
  A bullfrog (D:6)
  2 scorpions
  A wyvern skeleton (D:6)
  5 wights
  A howler monkey (D:6)
  A quasit (D:5)
  4 orc priests
  An orc wizard (D:6)
  A hound (D:5)
  Crazy Yiuf (D:2)
  A centaur skeleton (D:5)
  7 worker ants
  8 adders
  A shadow imp (D:5)
  A white imp (D:5)
  3 ufetubi (D:6)
  An ooze (D:2)
  2 worms
  5 leopard geckos
  21 orcs
  A giant cockroach (D:4)
  3 hobgoblins
  4 quokkas
  2 bats
  4 frilled lizards
  6 goblins
  6 kobolds
  A leopard gecko skeleton (D:4)
  4 rats
112 creatures vanquished.

Notes
Turn   | Place    | Note
-------+----------+-------------------------------------------
     0 | D:1      | Martska the Ogre Hunter began the quest for the Orb.
     0 | D:1      | Reached XP level 1. HP: 22/22 MP: 1/1
   246 | D:1      | Reached skill level 3 in Fighting
   607 | D:1      | Reached XP level 2. HP: 31/31 MP: 2/2
  1527 | D:2      | Reached XP level 3. HP: 14/37 MP: 3/3
  1902 | D:2      | Reached skill level 1 in Maces & Flails
  2080 | D:2      | Found a runed translucent door.
  2081 | D:2      | Noticed Crazy Yiuf
  2417 | D:2      | Killed Crazy Yiuf
  2418 | D:2      | Reached XP level 4. HP: 19/48 MP: 4/4
  2774 | D:3      | Reached skill level 4 in Fighting
  2774 | D:3      | Reached XP level 5. HP: 48/54 MP: 5/5
  2805 | D:3      | Found a bloodstained altar of Trog.
  3639 | D:4      | Noticed a lemure
  3639 | D:4      | Noticed a lemure
  3640 | D:4      | Noticed a lemure
  3640 | D:4      | Noticed Pikel
  3643 | D:4      | Noticed a lemure
  3689 | D:3      | Killed a lemure
  3728 | D:3      | Killed a lemure
  3735 | D:3      | Killed a lemure
  3745 | D:3      | Killed a lemure
  3854 | D:4      | Killed Pikel
  3855 | D:4      | Reached skill level 5 in Fighting
  3855 | D:4      | Reached skill level 5 in Throwing
  3855 | D:4      | Reached skill level 1 in Stealth
  3855 | D:4      | Reached skill level 1 in Evocations
  3855 | D:4      | Reached XP level 6. HP: 16/66 MP: 6/6
  3855 | D:4      | Reached XP level 7. HP: 17/72 MP: 7/7
  4199 | D:4      | Found a staircase to the Ecumenical Temple.
  4560 | Temple   | Entered the Ecumenical Temple
  4596 | Temple   | Became a worshipper of Warmaster Okawaru
  4728 | D:4      | Found a runed translucent gate.
  4728 | D:4      | Found a runed translucent gate.
  4728 | D:4      | Found a runed translucent gate.
  4730 | D:4      | Noticed a yak
  4730 | D:4      | Noticed a yak
  4731 | D:4      | Noticed a yak
  4748 | D:4      | Killed a yak
  5008 | D:4      | Killed a yak
  5008 | D:4      | Reached * piety under Okawaru
  5009 | D:4      | Reached skill level 6 in Fighting
  5009 | D:4      | Reached XP level 8. HP: 23/83 MP: 8/8
  5585 | D:4      | Found a white marble altar of Elyvilon.
  5585 | D:4      | Found a shimmering blue altar of Sif Muna.
  5585 | D:4      | Found a blossoming altar of Fedhas.
  5786 | D:4      | Found a radiant altar of Vehumet.
  5786 | D:4      | Found a basalt altar of Yredelemnul.
  5790 | D:4      | Got a vibrating granite ring
  5797 | D:4      | Identified the ring "Usahekku" {+Inv +Fly rPois Will+} (You
                  | found it on level 4 of the Dungeon)
  6009 | D:4      | Noticed kelmiir's ghost (amateur GnTm)
  6052 | D:5      | Entered Level 5 of the Dungeon
  6719 | D:5      | Found Kyzxory's Jewellery Boutique.
  6951 | D:5      | Found Igaudgh's Book Emporium.
  7051 | D:5      | Got a scorched steel amulet
  7057 | D:5      | Identified the amulet "Gioxir" {Spirit +Blink +Inv rN+++
                  | Str-2} (You found it on level 5 of the Dungeon)
  7172 | D:5      | Reached ** piety under Okawaru
  7173 | D:5      | Reached skill level 7 in Fighting
  7198 | D:5      | HP: 1/87 [wight/cursed +3 great sword (14)]
  7556 | D:4      | Killed a yak
  7557 | D:4      | Reached skill level 5 in Dodging
  7557 | D:4      | Reached XP level 9. HP: 33/93 MP: 4/9
  9079 | D:6      | Reached skill level 5 in Maces & Flails
  9134 | D:6      | Mangled by an orc warrior

Illustrated notes

Levels and vault maps discovered:
D:1:      minmay_arrival_cross, layout_loops_cross
D:2:      layout_rooms, serial_corexii_hall, corexii_hall_statues_s,
          corexii_hall_statues_t, serial_park_tiny_pond, st_stairs_5,
          minmay_pentomino_pile, uniq_crazy_yiuf_cottage
D:3:      layout_basic, trog_three_pillars_becter
D:4:      layout_basic, grunt_temple_overflow_open,
          minmay_temple_entry_nine_rooms, gammafunk_ghost_icy, uniq_pikel
D:5:      layout_loops_cross, serial_shops, shop_statue, kennysheep_little_box
D:6:      layout_loops_ring, st_stairs_11
Temple:   minmay_freezing_vapour_temple

Skill      XL: |  1  2  3  4  5  6  7  8  9 |
---------------+----------------------------+-----
Fighting       | 3 4 5 6 7 |  7.9
Dodging        | 2 3 4 5 |  5.5
Maces & Flails | 1 2 3 4 5 |  5.0
Throwing       | 5 6 |  6.9
Stealth        | 1 2 |  2.1
Evocations     | 1 2 |  2.9

Action                   |  1- 3 |  4- 6 |  7- 9 || total
-------------------------+-------+-------+-------++-------
Melee: Short sword       |    26 |       |       ||    26
       Spear             |    57 |       |       ||    57
       Whip              |    15 |       |   360 ||   375
       Mace              |     3 |    45 |       ||    48
       Unarmed           |       |    15 |       ||    15
Throw: Large rock        |    15 |     1 |    13 ||    29
       Throwing net      |       |       |     2 ||     2
  Use: Scroll            |     3 |       |    12 ||    15
       Potion            |       |       |     3 ||     3
 Stab: Sleeping          |     1 |     1 |     3 ||     5
       Confused          |       |     2 |       ||     2
Armor: Robe              |    25 |     4 |    52 ||    81
       Skin              |       |     7 |       ||     7
Dodge: Dodged            |    62 |    53 |   259 ||   374
